 Dungeon Crawl Stone Soup version 0.31-a0-187-gba352fbbf7 (webtiles) character file.

Game seed: 7424836694164803727

30 kae the Chopper (level 3, 28/31 HPs)
             Began as a Hill Orc Fighter on June 22, 2023.
             Quit the game on level 2 of the Dungeon.
             The game lasted 00:00:23 (1047 turns).

kae the Chopper (Hill Orc Fighter)                  Turns: 1047, Time: 00:00:23

Health: 28/31      AC:  6    Str: 18    XL:     3   Next: 18%
Magic:  3/3        EV:  9    Int: 16    God:
Gold:   47         SH:  4    Dex: 10    Spells: 2/2 levels left

rFire   . . .        a - +0 war axe
rCold   . . .        c - +0 buckler
rNeg    . . .        b - +0 scale mail
rPois   .            (no helmet)
rElec   .            (no cloak)
rCorr   .            (no gloves)
SInv    .            (no boots)
Will    .....        (no amulet) Stlth
                     I - +6 ring of intelligence
HPRegen 0.25/turn    (no ring)
MPRegen 0.08/turn

%: no passive effects
@: no status effects
A: no striking features
a: no special abilities


You were on level 2 of the Dungeon.
You visited 1 branch of the dungeon, and saw 2 of its levels.

You collected 47 gold pieces.


   Skills:
 - Level 3.6 Fighting
 + Level 4.7 Axes
 - Level 3.2 Armour
 - Level 3.2 Shields


You had 2 spell levels left.
You didn't know any spells.
Your spell library contained the following spells:

 Spells                   Type           Power      Damage    Failure   Level
 Foxfire                  Conj/Fire      0%         2x1d4     69%         1
 Fireball                 Conj/Fire      0%         3d3       100%        5
 Plasma Beam              Fire/Air       0%         2x1d10    100%        6
 Starburst                Conj/Fire      0%         6d3       100%        6

Inventory:

Hand Weapons
 a - a +0 war axe (weapon)
Missiles
 f - 3 stones
Armour
 b - a +0 scale mail (worn)
 c - a +0 buckler (worn)
Jewellery
 I - a +6 ring of intelligence (left hand)
   (You found it on level 1 of the Dungeon)
Potions
 d - 2 potions of might
 e - 2 potions of magic {unknown}
 g - a potion of haste {unknown}

Dungeon Overview and Level Annotations

Branches:
Dungeon (2/15) Zot: 10934

Altars:
Beogh

#......+... #
####.....)##.#
#.##....###..##.#
#.........##.##.###
#.......#..##....<##
#...#.....#.#####..#
#....#..#..#.## ##.#
##....#.......# ..#
#.......#@#.#.# ....
##.....#.............
#.#..#..#....###.####
#...#....#...# #.
#..#......#......
#.#..#.... .....
#....... .... ######.
..##


There were no monsters in sight!


Message History

No target in view!
No target in view!
Found a stone staircase leading down.
No target in view!
No target in view!
Done exploring.
No target in view!
No target in view!
Done exploring.
No target in view!
No target in view!
Done exploring.
No target in view!
No target in view!
Done exploring.
(D) Dungeon
Where to? (? - help)
There is a stone staircase leading down here.
You climb downwards.
There is a stone staircase leading up here.
Okay, then.
You feel clever.
I - a +6 ring of intelligence (left hand)
As you read the scroll labelled YSSABASEMM, it crumbles to dust.
You hear a loud clanging noise!
It was a scroll of noise.
You hear an angry hiss.
You hear a shout! x2
Unknown command.
There is a stone staircase leading up here.
A kobold comes into view. It is wielding a +0 short sword.
The kobold shouts!
A kobold is nearby!
The kobold hits you but does no damage.
A kobold is nearby!
You closely miss the kobold. You block the kobold's attack.
You slash the kobold!
You kill the kobold!
g - an orange potion No target in view!
No target in view!
A rat comes into view.
No target in view!
The rat barely misses you.
A rat is nearby!
You closely miss the rat. You block the rat's attack.
You hit the rat but do no damage. The rat barely misses you.
A rat is nearby!
A rat is nearby!
You slash the rat!
You kill the rat!
A ball python comes into view.
You have reached level 3!
Your experience leads to an increase in your attributes!
Your base attributes are Str 18, Int 8, Dex 10.
Increase (S)trength, (I)ntelligence, or (D)exterity?
You feel clever. x2 😎 HP[+5] MP[+1]
You now have 31 max hp (+5).
Your hp is fully restored (31).
Your mp is fully restored (3).
The ball python hisses angrily.
A worm comes into view.
There are monsters nearby!
You block the ball python's attack. The ball python barely misses you.
You slash the ball python!
You kill the ball python!
A worm is nearby!
A rat comes into view.
There are monsters nearby!
You hit the worm. The worm bites you.
You hit the worm. You closely miss the rat. The rat barely misses you.
You block the rat's attack. You block the worm's attack. 😕 HP[-4]
You take 4 damage, and now have 27/31 hp.
There are monsters nearby!
You hit the worm. You barely miss the rat. The rat bites you.
You barely miss the worm. You hit the rat but do no damage.
You block the rat's attack. The worm barely misses you. 😕 HP[-1]
You take 1 damage, and now have 26/31 hp.
There are monsters nearby!
You slash the worm! You hit the rat.
You kill the rat!
The worm closely misses you.
You slash the worm!
You kill the worm!
A giant cockroach comes into view.
A giant cockroach is nearby! 😕 HP[+1]
A giant cockroach is nearby!
The giant cockroach barely misses you.
You hit the giant cockroach but do no damage.
The giant cockroach misses you.
A giant cockroach is nearby!
You hit the giant cockroach but do no damage.
The giant cockroach bites you but does no damage.
You block the giant cockroach's attack.
You slash the giant cockroach!
You kill the giant cockroach! 😕 HP[+1] Are you sure you want to abandon this character and quit the game? (Confirm with "yes".)

Skill      XL: |  1  2 |
---------------+-------+-----
Axes           | 3 4 |  4.7
Fighting       | |  3.6
Armour         | |  3.2
Shields        | |  3.2

Action                     || total
---------------------------++-------
  Melee: War axe           ||    56
    Use: Scroll            ||     1
 Armour: Scale mail        ||    19
  Dodge: Dodged            ||    27
  Block: Buckler           ||    14

Levels and vault maps discovered:
D:1:      dpeg_arrival_rooms_a, layout_loops_corners,
          hellmonk_ecumenical_altar_defaced_shrine, amcnicky_mini_pool_small
D:2:      layout_basic, hangedman_decor_opposing

Notes
Turn   | Place    | Note
-------+----------+-------------------------------------------
     0 | D:1      | kae the Hill Orc Fighter began the quest for the Orb.
     0 | D:1      | Reached XP level 1. HP: 19/19 MP: 1/1
     0 | D:1      | magus.rc [v1.11.3]
   143 | D:1      | Reached skill level 3 in Axes
   168 | D:1      | Reached XP level 2. HP: 23/26 MP: 2/2
   211 | D:1      | You pick up a book of Fire and begin reading...
   211 | D:1      | You add the spells Foxfire, Fireball, Plasma Beam and
                  | Starburst to your library.
   386 | D:1      | Found a roughly hewn altar of Beogh.
   410 | D:1      | Reached skill level 4 in Axes
   435 | D:1      | Found a faded altar of an unknown god.
  1029 | D:2      | Reached XP level 3. HP: 31/31 MP: 3/3
  1047 | D:2      | Quit the game

Vanquished Creatures
  A worm (D:2)
  2 dart slugs (D:1)
  An endoplasm (D:1)
  3 giant cockroaches
  2 goblins (D:1)
  2 hobgoblins (D:1)
  2 quokkas (D:1)
  2 ball pythons
  2 bats (D:1)
  2 kobolds
  4 rats
23 creatures vanquished.

Table legend:
 A = Non-vault XP
 B = Vault XP
 C = Vault XP percentage of total XP
 D = Non-vault monster count
 E = Vault monster count
 F = Vault count percentage of total count
                 A         B        C        D         E       F
            +---------+---------+-------+---------+---------+-------
      Total |      35 |       8 |  18.6 |      20 |       3 |  13.0
            +---------+---------+-------+---------+---------+-------
        D:1 |      24 |       8 |  25.0 |      14 |       3 |  17.6
        D:2 |      11 |       0 |   0.0 |       6 |       0 |   0.0
            +---------+---------+-------+---------+---------+-------

Skill      XL: |  1  2 |
---------------+-------+-----
Axes           | 3 4 |  4.7
Fighting       | |  3.6
Armour         | |  3.2
Shields        | |  3.2

Action                     || total
---------------------------++-------
  Melee: War axe           ||    56
    Use: Scroll            ||     1
 Armour: Scale mail        ||    19
  Dodge: Dodged            ||    27
  Block: Buckler           ||    14

Illustrated notes

Table legend:
 A = Kills in this place as a percentage of kills in the entire game.
 B = Kills by you in this place as a percentage of kills by you in the entire game.
 C = Kills by friends in this place as a percentage of kills by friends in the entire game.
 D = Other kills in this place as a percentage of other kills in the entire game.
 E = Experience gained in this place as a percentage of experience gained in the entire game.
 F = Experience gained in this place divided by the number of levels of this place that you have seen.
                   A       B       C       D       E      F
               +-------+-------+-------+-------+-------+----------------------
         Total | 100.0 | 100.0 |   N/A |   N/A | 100.0 |  21.5
       Dungeon | 100.0 | 100.0 |   N/A |   N/A | 100.0 |  21.5
               +-------+-------+-------+-------+-------+----------------------

Table legend: (Time is in decaauts)
 A = Elapsed time spent in this place.
 B = Non-inter-level travel time spent in this place.
 C = Inter-level travel time spent in this place.
 D = Time resting spent in this place.
 E = Time spent auto-exploring this place.
 F = Levels seen in this place.
 G = Mean time per level.
                   A        B        C        D        E       F      G
               +--------+--------+--------+--------+--------+-----+--------+
         Total |   1065 |   1061 |      4 |      0 |    913 |   2 |  532.5 |
       Dungeon |   1065 |   1061 |      4 |      0 |    913 |   2 |  532.5 |
               +--------+--------+--------+--------+--------+-----+--------+

Top non-repeatable levels by time:
     D:1: 1017 daAuts
     D:2: 48 daAuts
